 Dungeon Crawl Stone Soup version 0.17.0-28-g6e173f8 (webtiles) character file.

2160 HandofTrog the Fighter (level 9, 0/86 HPs)
             Began as a Minotaur Fighter on Dec 3, 2015.
             Was an Initiate of Gozag.
             Slain by an orc wizard
             ... wielding a cursed +0 dagger
              (1 damage)
             ... on level 6 of the Dungeon.
             The game lasted 00:15:06 (5605 turns).

HandofTrog the Fighter (Minotaur Fighter)           Turns: 5605, Time: 00:15:06

Health: 0/86       AC:  6    Str: 24    XL:     9   Next: 10%
Magic:  8/8        EV:  9    Int:  5    God:    Gozag
Gold:   947        SH: 12    Dex: 10    Spells: 0 memorised, 8 levels left

rFire  . . .     SeeInvis .     a - +0 war axe
rCold  . . .     Clarity  .     b - +0 scale mail
rNeg   . . .     SustAt   .     c - +0 shield
rPois  .         Gourm    .     (helmet restricted)
rElec  .         Spirit   .     (no cloak)
rCorr  .         Warding  .     (no gloves)
rMut   .         Stasis   .     (no boots)
MR     .....                    (no amulet)
Stlth  ..........               (no ring)
                                (no ring)

@: not resistant to hostile enchantments, extremely unstealthy
A: retaliatory headbutt, horns 2
a: Potion Petition, Call Merchant, Bribe Branch, Renounce Religion


You were on level 6 of the Dungeon.
You worshipped Gozag.
Gozag was noncommittal.
You were not hungry.

You visited 1 branch of the dungeon, and saw 6 of its levels.

You collected 978 gold pieces.
You paid 31 gold pieces to Gozag.

Inventory:

Hand Weapons
 a - a +0 war axe (weapon)
Armour
 b - a +0 scale mail (worn)
 c - a +0 shield (worn)
Jewellery
 l - an uncursed ring of flight {unknown}
 A - a cursed ring of teleportation {unknown}
Wands
 e - a wand of confusion (6)
Scrolls
 f - 2 scrolls of random uselessness {unknown}
 h - 4 scrolls of remove curse
 m - 2 scrolls of enchant weapon {unknown}
 o - 4 scrolls of recharging
 p - a scroll of fear {unknown}
 q - 2 scrolls of noise {unknown}
 s - a scroll of magic mapping {unknown}
 t - a scroll of identify
 v - 3 scrolls of fog {unknown}
 x - 2 scrolls of immolation {unknown}
 y - a scroll of blinking {unknown}
 B - a scroll of amnesia {unknown}
Potions
 d - a potion of degeneration
 g - a potion of magic
 i - 2 potions of cancellation
 j - a potion of mutation
 k - a potion of brilliance
 n - a potion of poison
 w - a potion of ambrosia
Comestibles
 u - a meat ration


   Skills:
 - Level 10.8 Fighting
 - Level 2.6 Axes
 - Level 3.6 Armour
 + Level 10.6 Shields


You had 8 spell levels left.
You didn't know any spells.

Dungeon Overview and Level Annotations

Branches:
Dungeon (6/15)             Temple (0/1) D:4

Altars:
Dithmenos
Gozag
Ru
Trog
Xom

Shops:
D:4 (


Innate Abilities, Weirdness & Mutations

You reflexively headbutt those who attack you in melee.
You have a pair of horns on your head.


Message History

You closely miss something. You headbutt something.
You hear some strange, mumbled words.
A puff of flame appears from out of thin air!
You block the puff of flame. Something hits you.
* * * LOW HITPOINT WARNING * * *
You hit something. Your headbutt misses something.
You hear some strange, mumbled words.
A puff of flame appears from out of thin air!
The puff of flame hits you!
* * * LOW HITPOINT WARNING * * *
You miss something. Something hits you but does no damage. Something hits you.
* * * LOW HITPOINT WARNING * * *
You barely miss something. You headbutt something.
You hear a distant blaring wail to the west.
Something hits you but does no damage.
You closely miss something. Your headbutt misses something. Something hits you.
* * * LOW HITPOINT WARNING * * *
Something hits you.
You die...
Your body crumbles into a pile of gold.

##### ##...## ##.....##
#..>....# #.......#
#################.......#
#.....$.....${@........##
#.###############.......#
#########.......#
#...............#
#.########.....##
...#####.## ##...##
#........############
######.........#
##...#######...


There were no monsters in sight!

Vanquished Creatures
  The ghost of heinrich the Slinger, a novice HaHu of Okawaru (D:6)
  Sigmund (D:5)
  A black bear (D:6)
  An orc warrior (D:6)
  An ogre (D:5)
  A phantom (D:5)
  2 centaurs
  3 scorpions
  3 killer bees (D:5)
  A giant frog skeleton (D:4)
  A jelly (D:6)
  A centaur skeleton (D:6)
  2 orc priests
  5 hounds
  2 orc wizards (D:5)
  2 worker ants (D:5)
  Jessica (D:2)
  An iguana (D:6)
  A hound skeleton (D:5)
  Robin (D:4)
  A shadow imp (D:6)
  9 adders
  3 oozes
  2 worms (D:4)
  3 adder skeletons (D:4)
  22 orcs
  3 giant cockroaches
  13 hobgoblins
  4 jackals
  12 kobolds
  4 quokkas
  2 ball pythons
  6 bats
  8 giant geckos
  A giant gecko skeleton (D:4)
  11 giant newts
  17 goblins
  6 rats
159 creatures vanquished.

Notes
Turn   | Place    | Note
--------------------------------------------------------------
     0 | D:1      | HandofTrog the Minotaur Fighter began the quest for the Orb.
     0 | D:1      | Reached XP level 1. HP: 19/19 MP: 0/0
    51 | D:1      | Reached skill level 4 in Fighting
    83 | D:1      | Reached XP level 2. HP: 25/27 MP: 1/1
   643 | D:1      | Reached skill level 5 in Fighting
   812 | D:1      | Reached XP level 3. HP: 36/36 MP: 2/2
   991 | D:2      | Found a bloodstained altar of Trog.
  1437 | D:2      | Found an opulent altar of Gozag.
  1452 | D:2      | Became a worshipper of Gozag Ym Sagoz the Greedy
  1583 | D:2      | Noticed Jessica
  1638 | D:2      | Killed Jessica
  1638 | D:2      | Reached skill level 6 in Fighting
  1638 | D:2      | Reached XP level 4. HP: 35/44 MP: 3/3
  1799 | D:3      | Reached XP level 5. HP: 39/51 MP: 4/4
  1805 | D:3      | Reached skill level 7 in Fighting
  2539 | D:4      | Found a staircase to the Ecumenical Temple.
  2548 | D:4      | Noticed Robin
  2561 | D:4      | Killed Robin
  2561 | D:4      | Reached skill level 8 in Fighting
  2693 | D:4      | Noticed a centaur
  2699 | D:4      | Killed a centaur
  2699 | D:4      | Reached XP level 6. HP: 32/62 MP: 5/5
  2906 | D:4      | Reached skill level 9 in Fighting
  3114 | D:4      | Found Estrem's Weapon Boutique.
  3282 | D:4      | Found a shimmering altar of Xom.
  3282 | D:4      | Found a shadowy altar of Dithmenos.
  3453 | D:5      | Entered Level 5 of the Dungeon
  3461 | D:5      | Reached XP level 7. HP: 66/70 MP: 6/6
  3554 | D:5      | Noticed Sigmund
  3564 | D:5      | Killed Sigmund
  3564 | D:5      | Reached skill level 10 in Fighting
  3686 | D:5      | HP: 3/73 [killer bee (1)]
  4257 | D:5      | Reached skill level 5 in Shields
  4273 | D:5      | Reached XP level 8. HP: 58/81 MP: 7/7
  4629 | D:5      | Found a sacrificial altar of Ru.
  5432 | D:6      | Noticed heinrich's ghost (novice HaHu)
  5467 | D:6      | Killed heinrich's ghost
  5467 | D:6      | Reached skill level 10 in Shields
  5467 | D:6      | Reached XP level 9. HP: 76/86 MP: 8/8
  5602 | D:6      | HP: 4/86 [something/puff of flame (8)]
  5605 | D:6      | HP: 1/86 [something (2)]
  5605 | D:6      | Slain by an orc wizard

Action                   |  1- 3 |  4- 6 |  7- 9 || total
-------------------------+-------+-------+-------++-------
Melee: War axe           |    98 |   142 |   182 ||   422
Invok: Potion Petition   |       |       |     1 ||     1
Evoke: Wand              |       |       |     3 ||     3
  Use: Potion            |     3 |     1 |     5 ||     9
       Scroll            |       |       |     9 ||     9
 Stab: Distracted        |       |     1 |       ||     1
       Paralysed         |       |       |     1 ||     1
       Confused          |       |       |     2 ||     2
  Eat: Bread ration      |     1 |       |     2 ||     3
       Chunk             |     1 |       |       ||     1
       Fruit             |       |     2 |       ||     2
       Beef jerky        |       |     1 |       ||     1
       Pizza             |       |       |     1 ||     1
